 Dungeon Crawl Stone Soup version 0.28-a0-655-g4eb62b627b (webtiles) character file.

Game seed: 10199632003332219036

4 jsc133 the Firebug (level 1, 0/11 HPs)
             Began as an Octopode Fire Elementalist on Oct 12, 2021.
             Slain by a jackal (3 damage)
             ... on level 1 of the Dungeon.
             The game lasted 00:01:09 (119 turns).

jsc133 the Firebug (Octopode Fire Elementalist)      Turns: 119, Time: 00:01:11

Health: 0/11       AC:  1    Str:  7    XL:     1   Next: 60%
Magic:  3/3        EV: 13    Int: 17    God:
Gold:   34         SH:  0    Dex: 12    Spells: 3/4 levels left

rFire   . . .      SeeInvis .   b - +0 flail
rCold   . . .      Faith    .   (no shield)
rNeg    . . .      Spirit   .   (helmet restricted)
rPois   .          Reflect  .   (no amulet)
rElec   .          Harm     .   c - ring of willpower
rCorr   .          Rampage  .   (no ring)
Will    +....                   (no ring)
Stlth   +++.......              (no ring)
HPRegen 0.03/turn               (no ring)
MPRegen 0.08/turn               (no ring)
                                (no ring)
                                (no ring)

@: no status effects
A: almost no armour, amphibious, 8 rings, camouflage 1, gelatinous body 1,
(nimble swimmer 1), tentacles
a: no special abilities


You were on level 1 of the Dungeon.
You visited 1 branch of the dungeon, and saw 1 of its levels.

You collected 34 gold pieces.

Inventory:

Hand Weapons
 b - a +0 flail (weapon)
Armour
 a - a +0 ring mail
Jewellery
 c - a ring of willpower (left tentacle)
Scrolls
 d - a scroll of teleportation


   Skills:
 + Level 2.0 Dodging
 + Level 2.6 Stealth
 + Level 2.0 Spellcasting
 + Level 1.0 Conjurations
 + Level 3.2 Fire Magic


You had 3 spell levels left.
You knew the following spells:

 Your Spells              Type           Power      Damage    Failure   Level
a - Foxfire               Conj/Fire      32%        2x1d5     9%          1

Your spell library contained the following spells:

 Spells                   Type           Power      Damage    Failure   Level
 Scorch                   Fire           24%        2d6       8%          2
 Conjure Flame            Conj/Fire      8%         6-21      24%         3
 Inner Flame              Hex/Fire       7%         N/A       30%         3
 Flame Wave               Conj/Fire      8%         3d4       63%         4


Dungeon Overview and Level Annotations

Branches:
Dungeon (1/15)

Altars:


Innate Abilities, Weirdness & Mutations

You cannot wear most types of armour.
You are amphibious.
You can wear up to eight rings at the same time.
Your skin changes colour to match your surroundings (Stealth+).
Your rubbery body absorbs attacks. (AC +1, EV +1)
((You are camouflaged near water. (Stealth+)))
You have tentacles for arms and can constrict up to eight enemies at once.


Message History

You barely miss the rat. Your grab misses the rat. The rat bites you.
A jackal comes into view.
The rat bites you but does no damage.
The rat twitches its whiskers.
The jackal barks!
You sock the rat!
You kill the rat!
A jackal comes into view.
The goblin misses you.
You hit the goblin. You grab the goblin. You squeeze the goblin.
You kill the goblin!
The rat misses you.
You hit the rat.
You kill the rat!
A jackal comes into view.
Things that are here:
a +0 club; a goblin corpse The jackal bites you but does no damage.
The jackal barks!
You barely miss the jackal. Your grab misses the jackal.
The jackal barely misses you. The jackal bites you.
The jackal barely misses you. The jackal closely misses you.
A rat comes into view.
You hit the jackal.
You kill the jackal!
The jackal barely misses you.
The jackal bites you but does no damage.
You hit the jackal. Your grab misses the jackal.
The jackal is heavily wounded.
The jackal bites you but does no damage.
The jackal closely misses you. The jackal bites you. x2
* * * LOW HITPOINT WARNING * * *
You barely miss the jackal. You grab the jackal.
You squeeze the jackal, but do no damage.
The jackal is heavily wounded.
You constrict the jackal, but do no damage.
The jackal bites you but does no damage.
The rat twitches its whiskers.
The jackal barely misses you. The jackal bites you.
You die...

#........#
#........#######
...............#
#######'######.#
#r# #.# ####)#
#.# #....# #.#
#..hh# #.#
#...@# ####.#
#....# #....#
#....# #.#.##
#[...# #.#.#
####.. ..#..
.####...#. .
#.###.# . .. #
##


You could see 2 jackals and a rat.

Vanquished Creatures
  A goblin (D:1)
  A jackal (D:1)
  2 rats (D:1)
4 creatures vanquished.

Notes
Turn   | Place    | Note
-------+----------+-------------------------------------------
     0 | D:1      | jsc133 the Octopode Fire Elementalist began the quest for
                  | the Orb.
     0 | D:1      | Reached XP level 1. HP: 11/11 MP: 3/3
   119 | D:1      | Slain by a jackal

Illustrated notes

Levels and vault maps discovered:
D:1:      dpeg_arrival_more_subterranean_lakeside_camping, layout_basic,
          ebering_ecumenical_altar_webs

Action                   || total
-------------------------++-------
Melee: Flail             ||     8
       Constrict         ||     2
       Tentacles         ||     2
  Use: Scroll            ||     2
Armor: Skin              ||     5
Dodge: Dodged            ||     8

Table legend: (Time is in decaauts)
 A = Elapsed time spent in this place.
 B = Non-inter-level travel time spent in this place.
 C = Inter-level travel time spent in this place.
 D = Time resting spent in this place.
 E = Time spent auto-exploring this place.
 F = Levels seen in this place.
 G = Mean time per level.
                   A        B        C        D        E       F      G
               +--------+--------+--------+--------+--------+-----+--------+
         Total |    120 |    120 |      0 |      0 |      0 |   1 |  120.0 |
       Dungeon |    120 |    120 |      0 |      0 |      0 |   1 |  120.0 |
               +--------+--------+--------+--------+--------+-----+--------+

Top non-repeatable levels by time:
     D:1: 120 daAuts
